 Dungeon Crawl Stone Soup version 0.19.1 (webtiles) character file.

3180 equalderp2856 the Gouger (level 9, -22/40 HPs)
             Began as a Felid Fighter on Nov 25, 2016.
             Killed from afar by a deep elf mage (40 damage)
             ... with a shard of ice
             ... on level 1 of the Elven Halls.
             The game lasted 01:02:55 (21777 turns).

equalderp2856 the Gouger (Felid Fighter)           Turns: 21777, Time: 01:02:56

Health: -22/40     AC:  2    Str: 16    XL:     9   Next: 63%
Magic:  6/10       EV: 27    Int: 12    God:
Gold:   644        SH:  0    Dex: 20    Spells: 0 memorised, 8 levels left
                                        Lives:  0   Deaths: 3

rFire  . . .     SeeInvis +       - Unarmed
rCold  . . .     Gourm    .     (armour unavailable)
rNeg   . . .     Faith    .     (shield unavailable)
rPois  .         Spirit   .     (helmet unavailable)
rElec  .         Reflect  .     (cloak unavailable)
rCorr  .         Harm     .     (gloves unavailable)
MR     +....                    (boots unavailable)
Stlth  +++++.....               j - amulet of regeneration
                                x - +4 ring of dexterity
                                d - +3 ring of strength

@: quick
A: no armour, no weapons or thrown items, stealth, claws 1, fangs 3, see
invisible, carnivore 3, speed 1, shaggy fur 2, slow metabolism 1, sharp paws
a: no special abilities


You were on level 1 of the Elven Halls.
You were not hungry.

You visited 4 branches of the dungeon, and saw 14 of its levels.

You collected 644 gold pieces.

Inventory:

Hand Weapons
 E - a +1 quarterstaff of speed
Missiles
 c - 22 poisoned needles
 e - 149 arrows
 J - 4 curare-tipped needles
Jewellery
 d - a +3 ring of strength (left paw)
 j - an amulet of regeneration (around neck)
 r - a cursed ring of teleportation
 x - a +4 ring of dexterity (right paw)
Wands
 l - a wand of enslavement (15/24)
 o - a wand of disintegration (5/24)
 y - a wand of paralysis (10/24)
 B - a wand of iceblast (11/15)
 F - a wand of confusion (39/48)
 G - a wand of iceblast (9/15)
 I - a wand of teleportation (6/9)
Scrolls
 f - 6 scrolls of identify
 k - 4 scrolls of fear
 q - 8 scrolls of remove curse
 t - 2 scrolls of enchant weapon
 u - 2 scrolls of magic mapping
 w - 2 scrolls of fog
 C - 5 scrolls of noise {unknown}
Potions
 a - 3 potions of might
 i - a potion of agility
 m - 5 potions of degeneration
 p - a potion of invisibility {unknown}
 s - 2 potions of flight
 v - a potion of cure mutation {unknown}
 D - a potion of beneficial mutation {unknown}
 K - a potion of brilliance {unknown}
Comestibles
 b - 7 meat rations
 g - 2 beef jerkies
 n - a royal jelly
 z - 2 slices of pizza
 A - 7 bread rations


   Skills:
 + Level 5.5 Fighting
 + Level 10.4 Dodging
 + Level 10.2 Stealth
 + Level 14.1 Unarmed Combat


You had 8 spell levels left.
You didn't know any spells.

Dungeon Overview and Level Annotations

Branches:
Dungeon (10/15)            Temple (1/1) D:7            Lair (0/6) D:9
    Orc (2/2) D:10            Elf (1/3) Orc:2

Altars:
Ashenzari
Cheibriados
Dithmenos
Elyvilon
Fedhas
Gozag
Hepliaklqana
Kikubaaqudgha
Makhleb
Nemelex Xobeh
Okawaru
Qazlal
Ru
Sif Muna
Trog
Uskayaw
Vehumet
Xom
Yredelemnul
Zin
The Shining One

Shops:
D:9 ?[

Annotations:
D:2 Terence
D:5 equalderp2856's ghost, novice FeFi
D:9 Erica


Innate Abilities, Weirdness & Mutations

You cannot wear armour.
You are incapable of wielding weapons or throwing items.
Your paws allow you to move quietly. (Stealth)
You have sharp claws.
You have razor-sharp teeth.
You have supernaturally acute eyesight. (SInv)
You are carnivorous and can eat meat at any time.
You cover ground quickly.
You are covered in thick fur. (AC +2)
You have a slow metabolism.
Your sharp claws are effective at attacking unaware monsters.


Message History

A deep elf mage comes into view.
It is wielding a long sword of holy wrath.
There is an open door here.
The deep elf mage shouts!
The deep elf mage casts a spell.
The deep elf mage blinks!
The deep elf mage hits you with a long sword of holy wrath.
You claw the deep elf mage! You bite the deep elf mage.
The deep elf mage is moderately wounded.
The deep elf mage hits you with a long sword of holy wrath!
You completely miss the deep elf mage.
The deep elf mage is moderately wounded.
The antimagic short sword hits you!
You feel your power leaking away.
You barely miss the deep elf mage. You claw the deep elf mage!
The deep elf mage is heavily wounded.
The antimagic short sword hits you.
The deep elf mage points at you and mumbles some strange words.
The shard of ice hits you!
Ouch! That really hurt!
You die...

#.#
#.....#
#.#
##...##
#.# #...#
#.# ####+
#.# #.#
##'####
#.e...#
##..@..##
#...(...#
#.......#
#.......#
##.....##
#.....# #.
###'#'###.
oo
#.##.#..
.e. #.#
#... e(.


You could see a deep elf mage and an antimagic short sword.

Vanquished Creatures
  Frances (Elf:1)
  A hill giant (D:9)
  Pikel (D:8)
  3 deep elf magi
  A two-headed ogre (D:10)
  2 trolls (D:9)
  2 hippogriffs
  A spriggan (D:7)
  A wyvern (D:10)
  Grum (D:7)
  2 hungry ghosts
  Menkaure (D:7)
  A sky beast (D:5)
  6 orc warriors
  3 phantoms
  4 centaurs
  8 ogres
  4 wolves
  4 bullfrogs
  A wyvern skeleton (D:6)
  2 scorpions
  15 wights
  5 howler monkeys
  4 crimson imps
  2 bullfrog zombies
  6 hounds
  A jelly (D:9)
  9 orc priests
  A bullfrog skeleton (D:8)
  4 iguanas
  16 orc wizards
  9 worker ants
  A hound zombie (D:6)
  A hound skeleton (D:9)
  3 worker ant zombies
  2 howler monkey skeletons
  6 adders
  3 oozes
  2 adder skeletons
  3 worms
  3 dart slugs
  3 leopard geckos
  52 orcs
  2 ball pythons
  3 giant cockroaches
  5 goblins
  10 hobgoblins
  12 jackals
  7 quokkas
  4 bats
  4 frilled lizards
  2 jackal skeletons (D:4)
  5 kobolds
  A leopard gecko skeleton (D:7)
  A quokka skeleton (D:10)
  6 rats
263 creatures vanquished.

Notes
Turn   | Place    | Note
-------+----------+-------------------------------------------
     0 | D:1      | equalderp2856 the Felid Fighter began the quest for the Orb.
     0 | D:1      | Reached XP level 1. HP: 10/10 MP: 2/2
   320 | D:1      | Reached XP level 2. HP: 11/14 MP: 3/3
   988 | D:2      | Found a shattered altar of Ashenzari.
  1018 | D:2      | Reached skill level 1 in Stealth
  1049 | D:2      | Reached XP level 3. HP: 9/17 MP: 4/4
  1618 | D:2      | Noticed Terence
  1696 | D:3      | Reached skill level 5 in Unarmed Combat
  1918 | D:3      | Reached XP level 4. HP: 21/21 MP: 5/5
  1986 | D:3      | Killed from afar by an orc wizard
  1987 | D:3      | Reached XP level 3. HP: -2/17 MP: 4/4
  2046 | D:3      | Reached XP level 4. HP: 18/21 MP: 5/5
  3160 | D:4      | Reached XP level 5. HP: 19/24 MP: 6/6
  3308 | D:4      | Found an iron altar of Okawaru.
  3372 | D:4      | Noticed an ogre
  3417 | D:5      | Entered Level 5 of the Dungeon
  3678 | D:5      | Reached skill level 6 in Unarmed Combat
  3686 | D:5      | Noticed a centaur
  3700 | D:5      | Killed a centaur
  3700 | D:5      | Reached skill level 5 in Dodging
  3700 | D:5      | Gained mutation: You are covered in thick fur. (AC +2) [Felid growth]
  3700 | D:5      | Reached XP level 6. HP: 20/28 MP: 7/7
  3774 | D:5      | HP: 1/28 [ogre/giant club (10)]
  4880 | D:5      | Noticed a sky beast
  4891 | D:5      | Killed a sky beast
  4891 | D:5      | Reached skill level 7 in Unarmed Combat
  4891 | D:5      | Reached XP level 7. HP: 31/31 MP: 8/8
  4902 | D:5      | Noticed equalderp2856's ghost (novice FeFi)
  5687 | D:5      | Reached skill level 5 in Stealth
  5687 | D:5      | Reached skill level 8 in Unarmed Combat
  7360 | D:5      | Reached XP level 8. HP: 29/36 MP: 9/9
  9519 | D:6      | Reached skill level 9 in Unarmed Combat
 10083 | D:6      | Noticed a hippogriff
 10369 | D:7      | Reached skill level 10 in Unarmed Combat
 10522 | D:7      | Noticed Menkaure
 10526 | D:7      | Killed Menkaure
 10692 | D:7      | Noticed a hippogriff
 10694 | D:7      | Found a staircase to the Ecumenical Temple.
 10695 | D:7      | Killed a hippogriff
 10695 | D:7      | Reached XP level 9. HP: 39/39 MP: 10/10
 11072 | Temple   | Entered the Ecumenical Temple
 11679 | D:6      | Reached skill level 11 in Unarmed Combat
 13037 | D:8      | You fall through a shaft!
 13038 | D:9      | Noticed Erica
 13115 | D:9      | Noticed a hill giant
 13122 | D:9      | Killed a hill giant
 13159 | D:9      | Noticed a deep elf mage
 13167 | D:9      | Killed a deep elf mage
 13167 | D:9      | Reached XP level 10. HP: 43/43 MP: 11/11
 13584 | D:8      | Noticed Grum
 13586 | D:8      | Reached skill level 12 in Unarmed Combat
 14916 | D:8      | Noticed Pikel
 15236 | D:7      | Killed Grum
 16185 | D:8      | Killed Pikel
 16441 | D:9      | Found a burning altar of Makhleb.
 16488 | D:9      | Found Dogoteur's Magic Scroll Emporium.
 16643 | D:9      | Found a staircase to the Lair.
 16826 | D:9      | Reached skill level 13 in Unarmed Combat
 16835 | D:9      | Found Xuinte Ginn's Armour Boutique.
 17009 | D:9      | Reached skill level 5 in Fighting
 17112 | D:10     | Entered Level 10 of the Dungeon
 17124 | D:10     | Noticed a hill giant
 17125 | D:10     | Found a staircase to the Orcish Mines.
 17143 | D:10     | Noticed a purple ugly thing
 20219 | D:10     | Reached XP level 11. HP: 44/47 MP: 12/12
 20774 | Orc:1    | Entered Level 1 of the Orcish Mines
 21147 | Orc:2    | Entered Level 2 of the Orcish Mines
 21444 | Orc:2    | Found a staircase to the Elven Halls.
 21451 | Orc:2    | Noticed an orc high priest
 21454 | Elf:1    | Entered Level 1 of the Elven Halls
 21456 | Elf:1    | Noticed a deep elf mage
 21456 | Elf:1    | Noticed a deep elf mage
 21456 | Elf:1    | Noticed a deep elf mage
 21457 | Elf:1    | Noticed a deep elf archer
 21458 | Elf:1    | Noticed a deep elf mage
 21458 | Elf:1    | Noticed a deep elf mage
 21458 | Elf:1    | Noticed a deep elf mage
 21460 | Elf:1    | Noticed a deep elf mage
 21463 | Elf:1    | Noticed a deep elf mage
 21467 | Elf:1    | Noticed a deep elf mage
 21473 | Elf:1    | Noticed a deep elf mage
 21481 | Elf:1    | Noticed a deep elf mage
 21489 | Elf:1    | Killed a deep elf mage
 21489 | Elf:1    | Reached skill level 10 in Dodging
 21490 | Elf:1    | Noticed a sixfirhy
 21499 | Elf:1    | Noticed a deep elf mage
 21499 | Elf:1    | Noticed a halberd of chopping
 21503 | Elf:1    | Mangled by a sixfirhy
 21504 | Elf:1    | Reached XP level 10. HP: -7/44 MP: 11/11
 21566 | Elf:1    | Noticed Frances
 21573 | Elf:1    | Killed Frances
 21573 | Elf:1    | Reached skill level 10 in Stealth
 21573 | Elf:1    | Reached skill level 14 in Unarmed Combat
 21591 | Elf:1    | Noticed a deep elf archer
 21592 | Elf:1    | Noticed a scimitar of slicing
 21593 | Elf:1    | Noticed a halberd of protection
 21593 | Elf:1    | Noticed a deep elf mage
 21594 | Elf:1    | Noticed a deep elf mage
 21595 | Elf:1    | Noticed an antimagic short sword
 21595 | Elf:1    | Noticed an orc high priest
 21698 | Elf:1    | Noticed a trident of venom
 21735 | Elf:1    | Killed a deep elf mage
 21752 | Elf:1    | Noticed a soul eater
 21755 | Elf:1    | Noticed an orange demon
 21765 | Elf:1    | Killed from afar by a soul eater
 21766 | Elf:1    | Reached XP level 9. HP: -1/40 MP: 10/10
 21769 | Elf:1    | Noticed a deep elf mage
 21777 | Elf:1    | Killed from afar by a deep elf mage

Skill      XL: |  1  2  3  4  5  6  7  8  9 10 11 |
---------------+----------------------------------+-----
Stealth        | 1 2 3 4 5 6 8 10 | 10.2
Unarmed Combat | 5 6 7 8 10 11 14 | 14.1
Dodging        | 5 6 8 9 10 | 10.4
Fighting       | 4 5 |  5.5

Action                   |  1- 3 |  4- 6 |  7- 9 | 10-12 || total
-------------------------+-------+-------+-------+-------++-------
Melee: Unarmed           |    97 |   144 |   345 |   421 ||  1007
       Bite              |    13 |    19 |    39 |    45 ||   116
       Punch             |       |     7 |    15 |    26 ||    48
  Use: Scroll            |       |     7 |     7 |     7 ||    21
       Potion            |       |     1 |     3 |     5 ||     9
 Stab: Sleeping          |     7 |     5 |     9 |     6 ||    27
       Distracted        |       |       |     3 |     3 ||     6
  Eat: Chunk             |     3 |     9 |    14 |    12 ||    38
       Meat ration       |       |       |       |     1 ||     1
Armor: Skin              |     3 |     7 |     9 |     9 ||    28
Dodge: Dodged            |    55 |   128 |   216 |   371 ||   770
